 Dungeon Crawl Stone Soup version 0.16-a0-4097-gb4d75fa (webtiles) character file.

1468 Ololoev the Conjurer (level 8, -4/46 HPs)
             Began as a High Elf Ice Elementalist on Feb 25, 2015.
             Was an Initiate of Vehumet.
             Slain by a chaos spawn (14 damage)
             ... on level 1 of the Abyss.
             The game lasted 00:26:17 (8155 turns).

Ololoev the Conjurer (High Elf Ice Elementalist)    Turns: 8155, Time: 00:26:17

Health: -4/46      AC:  3    Str:  7    XL:     8   Next: 48%
Magic:  6/18       EV: 13    Int: 21    God:    Vehumet [......]
Gold:   218        SH:  0    Dex: 16    Spells: 3 memorised, 1 level left

rFire  . . .     SeeInvis .     g - +7 rapier (speed)
rCold  . . .     Clarity  .     a - +1 robe
rNeg   . . .     SustAb   .     (no shield)
rPois  .         Gourm    +     (no helmet)
rElec  .         Spirit   .     (no cloak)
rCorr  .         Warding  .     (no gloves)
rMut   .         Stasis   .     (no boots)
MR     .....                    u - amulet of the gourmand
Stlth  ++........               (no ring)
                                (no ring)

@: not resistant to hostile enchantments, unstealthy
A: MP-powered wands 1
a: Renounce Religion


You were on level 1 of the Abyss.
You worshipped Vehumet.
Vehumet was noncommittal.
You were not hungry.

You visited 2 branches of the dungeon, and saw 6 of its levels.
You visited the Abyss 1 time.
You also visited: Sewer.

You collected 218 gold pieces.

Notes
Turn   | Place    | Note
--------------------------------------------------------------
     0 | D:1      | Ololoev, the High Elf Ice Elementalist, began the quest for the Orb.
     0 | D:1      | Reached XP level 1. HP: 11/11 MP: 4/4
   318 | D:1      | Reached XP level 2. HP: 9/17 MP: 0/6
   935 | D:1      | Reached skill level 4 in Ice Magic
  1071 | D:1      | Reached XP level 3. HP: 14/21 MP: 8/8
  2218 | D:2      | Reached XP level 4. HP: 23/27 MP: 11/11
  2224 | D:2      | Learned a level 4 spell: Throw Icicle
  2650 | D:3      | Reached skill level 5 in Ice Magic
  2741 | D:3      | Noticed Fv001's ghost (average GrFi)
  3415 | D:4      | Found a glowing drain.
  3418 | D:4      | Reached XP level 5. HP: 31/31 MP: 6/12
  3500 | Sewer    | Entered a sewer
  4342 | Sewer    | Reached XP level 6. HP: 36/36 MP: 15/15
  4766 | Sewer    | Reached skill level 6 in Ice Magic
  5437 | D:4      | Reached skill level 5 in Conjurations
  5570 | D:4      | Reached XP level 7. HP: 39/41 MP: 3/17
  5764 | D:4      | Learned a level 6 spell: Freezing Cloud
  6033 | D:4      | Noticed Eustachio
  6046 | D:4      | Killed Eustachio
  6269 | D:5      | Entered Level 5 of the Dungeon
  6290 | D:5      | Found a staircase to the Ecumenical Temple.
  6301 | Temple   | Entered the Ecumenical Temple
  7212 | D:5      | Found a burning altar of Makhleb.
  7214 | D:5      | Found a shimmering altar of Xom.
  7229 | D:5      | Found a deep blue altar of Sif Muna.
  7232 | D:5      | Found a glowing golden altar of the Shining One.
  7232 | D:5      | Found a radiant altar of Vehumet.
  7233 | D:5      | Found an opulent altar of Gozag.
  7248 | D:5      | Became a worshipper of Vehumet
  7294 | D:5      | Cast into the Abyss (orc)
  7359 | Abyss:1  | Noticed an ancient zyme
  7427 | Abyss:1  | Noticed a raiju
  7457 | Abyss:1  | Noticed an apocalypse crab
  7472 | Abyss:1  | Gained mutation: You expend magic power (3 MP) to slightly strengthen your wands. [a neqoxec]
  7537 | Abyss:1  | Noticed a rakshasa
  7676 | Abyss:1  | Reached skill level 1 in Air Magic
  7779 | Abyss:1  | Noticed a small abomination
  7781 | Abyss:1  | Noticed a small abomination
  7789 | Abyss:1  | Reached XP level 8. HP: 32/46 MP: 1/18
  7794 | Abyss:1  | Killed a small abomination
  7794 | Abyss:1  | Reached skill level 7 in Conjurations
  8037 | Abyss:1  | Killed a small abomination
  8037 | Abyss:1  | Reached skill level 5 in Air Magic
  8155 | Abyss:1  | Slain by a chaos spawn

Inventory:

Hand weapons
 g - a +7 rapier of speed (weapon)
Armour
 a - a +1 robe (worn)
Jewellery
 u - an amulet of the gourmand (around neck)
Magical devices
 f - a wand of slowing (24)
 p - a wand of digging (10)
Scrolls
 i - a scroll of random uselessness {unknown}
 j - a scroll of fear
 y - a scroll of immolation {unknown}
Potions
 d - 2 potions of restore abilities
 l - a potion of heal wounds {unknown}
 n - 2 potions of cancellation
 o - a potion of brilliance {unknown}
 t - a potion of ambrosia {unknown}
 v - a potion of agility {unknown}
 x - a potion of curing
 z - a potion of lignification {unknown}
Books
 b - a book of Frost

   Spells                             Type                      Level
   a - Freeze                         Ice                          1
   b - Throw Frost                    Conjuration/Ice              2
   c - Ozocubu's Armour               Charms/Ice                   3
   d - Throw Icicle                   Conjuration/Ice              4
   e - Summon Ice Beast               Ice/Summoning                4
   f - Condensation Shield            Ice                          4
 k - a book of Clouds

   Spells                             Type                      Level
   a - Mephitic Cloud                 Conjuration/Poison/Air       3
   b - Conjure Flame                  Conjuration/Fire             3
   c - Poisonous Cloud                Conjuration/Poison/Air       6
   d - Freezing Cloud                 Conjuration/Ice/Air          6
   e - Ring of Flames                 Charms/Fire                  7
Comestibles
 c - 3 bread rations
 m - 2 slices of pizza
 q - 2 meat rations
 r - a beef jerky
 s - 4 fruits

Table legend:
 A = Turns spent in this place as a percentage of turns spent in the entire game.
 B = Non-inter-level travel turns spent in this place as a percentage of non-inter-level travel turns spent in the entire game.
 C = Inter-level travel turns spent in this place as a percentage of turns spent in this place.
 D = Turns resting spent in this place as a percentage of non-inter-level travel turns spent in this place.
 E = Turns spent auto-exploring this place as a percentage of non-inter-level travel turns spent in this place.
 F = Non-inter-level travel turns spent in this place divided by the number of levels of this place that you've seen.
                   A       B       C       D       E      F
               +-------+-------+-------+-------+-------+----------------------
         Total | 100.0 | 100.0 |   0.5 |   7.6 |   6.3 | 286.9
       Dungeon |  60.8 |  60.7 |   0.6 |   6.5 |   8.5 | 278.4
        Temple |   2.6 |   2.6 |   3.3 |   1.7 |  25.4 |  59.0
         Abyss |  16.5 |  16.6 |   0.0 |   6.1 |   0.0 | 380.0
         Sewer |  20.1 |  20.2 |   0.0 |  12.9 |   2.2 | 464.0
               +-------+-------+-------+-------+-------+----------------------


   Skills:
 - Level 2.1 Dodging
 - Level 2.1 Stealth
 - Level 2.5 Spellcasting
 + Level 7.4 Conjurations
 + Level 7.4 Ice Magic
 * Level 5.1 Air Magic


You had one spell level left.
You knew the following spells:

 Your Spells              Type           Power        Failure   Level  Hunger
a - Freeze                Ice            ####         1%          1    None
b - Throw Icicle          Conj/Ice       ####....     8%          4    ####...
c - Freezing Cloud        Conj/Ice/Air   ####......   98%         6    #######


Dungeon Overview and Level Annotations

Branches:
Dungeon (5/15)             Temple (1/1) D:5

Altars:
Ashenzari
Cheibriados
Dithmenos
Elyvilon
Fedhas
Gozag
Kikubaaqudgha
Makhleb
Okawaru
Qazlal
Ru
Sif Muna
Trog
Vehumet
Xom
Yredelemnul
Zin
The Shining One

Annotations:
D:3 Fv001's ghost, average GrFi


Innate Abilities, Weirdness & Mutations

You expend magic power (3 MP) to slightly strengthen your wands.


Message History

You feel better.
The small abomination barely misses you.
Casting: Throw Icicle
Confirm with . or Enter, or press ? or * to list all spells.
Aiming: Freeze
Press: ? - help, Shift-Dir - straight line, f/p - small abomination
Aim: a small abomination (almost destroyed)
You freeze the small abomination.
You destroy the small abomination!
Vehumet accepts your kill.
Your Air Magic skill increases to level 5!
You start resting.
Magic restored.
You start resting.
A chaos spawn comes into view.
Casting: Freeze
Confirm with . or Enter, or press ? or * to list all spells.
Aiming: Throw Icicle
Press: ? - help, Shift-Dir - straight line, f - chaos spawn
Aim: a chaos spawn (hasn't noticed you)
The shard of ice hits the chaos spawn.
The chaos spawn is heavily wounded.
The chaos spawn gores you! The chaos spawn shocks you.
Casting: Throw Icicle
Confirm with . or Enter, or press ? or * to list all spells.
Aiming: Throw Icicle
Press: ? - help, Shift-Dir - straight line, f/p - chaos spawn
Aim: a chaos spawn (heavily wounded)
The shard of ice hits the chaos spawn.
The chaos spawn is heavily wounded.
The chaos spawn misses you.
Casting: Throw Icicle
Confirm with . or Enter, or press ? or * to list all spells.
Aiming: Throw Icicle
Press: ? - help, Shift-Dir - straight line, f/p - chaos spawn
Aim: a chaos spawn (heavily wounded)
The shard of ice hits the chaos spawn.
The chaos spawn is severely wounded.
The chaos spawn gores you!
You die...

. . #
. # .
###
#@#
#3##
.#.
#. #
###.#
##


You could see a chaos spawn.

Table legend:
 A = Kills in this place as a percentage of kills in entire the game.
 B = Kills by you in this place as a percentage of kills by you in the entire game.
 C = Kills by friends in this place as a percentage of kills by friends in the entire game.
 D = Other kills in this place as a percentage of other kills in the entire game.
 E = Experience gained in this place as a percentage of experience gained in the entire game.
 F = Experience gained in this place divided by the number of levels of this place that you have seen.
                   A       B       C       D       E      F
               +-------+-------+-------+-------+-------+----------------------
         Total | 100.0 | 100.0 |  -nan |  -nan | 100.0 | 262.2
       Dungeon |  60.8 |  60.8 |  -nan |  -nan |  36.0 | 151.0
        Temple |   2.8 |   2.8 |  -nan |  -nan |   0.4 |   8.0
         Abyss |   2.8 |   2.8 |  -nan |  -nan |  44.9 | 943.0
         Sewer |  33.7 |  33.7 |  -nan |  -nan |  18.7 | 392.0
               +-------+-------+-------+-------+-------+----------------------

Vanquished Creatures
  Eustachio (D:4)
  2 chaos spawn (Abyss:1)
  3 small abominations (Abyss:1)
  A giant frog (Sewer)
  2 orc priests
  A giant frog skeleton (D:4)
  2 orc wizards (D:4)
  2 worker ants (D:4)
  A hound skeleton (D:4)
  8 adders
  18 giant mites
  5 worms
  8 giant geckos
  10 oozes
  8 orcs
  12 bats
  A bat zombie (D:5)
  18 giant cockroaches
  10 goblins
  14 hobgoblins
  4 jackals (D:1)
  2 quokkas
  5 ball pythons (Sewer)
  A ball python skeleton (D:4)
  A giant gecko zombie (D:5)
  11 giant newts
  A jackal zombie (D:5)
  14 kobolds
  A quokka skeleton (D:4)
  14 rats
181 creatures vanquished.

Action                   |  1- 3 |  4- 6 |  7- 9 || total
-------------------------+-------+-------+-------++-------
Melee: Unarmed           |    13 |       |       ||    13
       Dagger            |    62 |    90 |     9 ||   161
       Rapier            |       |       |    76 ||    76
 Cast: Freeze            |    38 |   139 |     6 ||   183
       Throw Icicle      |       |    15 |    26 ||    41
  Use: Scroll            |       |     7 |     8 ||    15
       Potion            |       |       |     3 ||     3
 Stab: Sleeping          |     5 |     4 |     3 ||    12
       Distracted        |       |     2 |       ||     2
  Eat: Chunk             |     2 |    24 |     8 ||    34
       Royal jelly       |     1 |       |       ||     1

Vault maps used:
D:1:      dpeg_arrival_windows_large_door
D:2:      minmay_misc_feat_ornament
D:4:      portal_sewer_entry_a, uniq_eustachio
D:5:      grunt_temple_overflow_open, minmay_temple_entry_statues_pillars,
          basic_altar, first_bread
Temple:   minmay_temple_forest_path_12
Sewer:    sewer_frog_island_02
